 Dungeon Crawl Stone Soup version 0.27-a0-1149-g4505690ab0 (webtiles) character file.

Game seed: 16917429563911994928

2929 wakim the Covert (level 10, -7/59 HPs)
             Began as a Kobold Brigand on May 13, 2021.
             Was a Believer of Uskayaw.
             Shot with a sling bullet by Joseph (26 damage)
             ... on level 7 of the Dungeon.
             The game lasted 00:34:46 (11905 turns).

wakim the Covert (Kobold Brigand)                  Turns: 11905, Time: 00:34:46

Health: -7/59      AC:  4    Str:  9    XL:     10   Next: 7%
Magic:  10/10      EV: 18    Int: 10    God:    Uskayaw [**....]
Gold:   359        SH: 12    Dex: 19    Spells: 9/9 levels left

rFire    + . .     SeeInvis +   a - +2 dagger
rCold    + . .     Faith    .   j - +0 buckler
rNeg     . . .     Spirit   .   i - +0 robe
rPois    .         Reflect  +   o - +0 helmet
rElec    .         Harm     +   m - scarf {harm}
rCorr    .         Rampage  .   (no gloves)
Will     +++..                  k - +0 pair of boots
Stlth    ++++++....             b - amulet of reflection
HPRegen  0.19/turn              g - ring of see invisible
MPRegen  0.12/turn              s - ring "Suizxoib" {+Blink rF+ rC+ Will+++ Int-3}

@: no status effects
A: small, no large weapons, nightstalker 3
a: Renounce Religion, Evoke Blink, Stomp, Line Pass


You were on level 7 of the Dungeon.
You worshipped Uskayaw.
Uskayaw was noncommittal.
You visited 2 branches of the dungeon, and saw 8 of its levels.

You collected 359 gold pieces.

Inventory:

Hand Weapons
 a - a +2 dagger (weapon)
Missiles
 d - 10 poisoned darts
 e - a curare-tipped dart (quivered) {=f}
 n - 2 boomerangs of dispersal {=f!f}
 w - 2 boomerangs
Armour
 c - a +0 cloak
 i - a +0 robe (worn)
 j - a +0 buckler (worn)
 k - a +0 pair of boots (worn)
 m - a scarf of harm (worn)
 o - a +0 helmet (worn)
Jewellery
 b - an amulet of reflection (around neck)
 g - a ring of see invisible (left hand)
 p - a ring of ice
 q - a ring of positive energy
 s - the ring "Suizxoib" (right hand) {+Blink rF+ rC+ Will+++ Int-3}
   (You found it on level 6 of the Dungeon)

   [ring of protection from cold]

   It affects your intelligence (-3).
   It protects you from fire.
   It protects you from cold.
   It lets you blink.
   It greatly increases your willpower.
Wands
 v - a wand of flame (22)
Scrolls
 y - 2 scrolls of torment {!r}
 R - a scroll of magic mapping {!r}
 U - a scroll of fear
Potions
 f - 2 potions of invisibility {unknown}
 h - a potion of heal wounds {unknown}
 l - a potion of brilliance {unknown}
 r - 2 potions of might {unknown}
 t - a potion of ambrosia {unknown}
 u - a potion of attraction {unknown}
 x - a potion of lignification {unknown}
 z - a potion of degeneration {unknown}
 H - a potion of haste
 O - 2 potions of resistance


   Skills:
 + Level 5.5 Fighting
 * Level 9.4 Short Blades
 - Level 2.1 Throwing
 + Level 5.7 Dodging
 * Level 11.0 Stealth
 * Level 4.7 Shields


You had 9 spell levels left.
You didn't know any spells.
Your spell library contained the following spells:

 Spells                   Type           Power      Damage    Failure   Level
 Magic Dart               Conj           0%         1d3       38%         1
 Summon Small Mammal      Summ           0%         N/A       38%         1
 Blink                    Tloc           N/A        N/A       52%         2
 Call Imp                 Summ           0%         N/A       52%         2
 Slow                     Hex            0%         N/A       52%         2
 Call Canine Familiar     Summ           0%         N/A       77%         3
 Conjure Flame            Conj/Fire      0%         6-21      77%         3
 Mephitic Cloud           Conj/Pois/Air  0%         N/A       77%         3
 Summon Guardian Golem    Hex/Summ       0%         N/A       77%         3
 Summon Ice Beast         Ice/Summ       0%         N/A       99%         4
 Summon Lightning Spire   Summ/Air       0%         N/A       99%         4


Dungeon Overview and Level Annotations

Branches:
Dungeon (7/15)             Temple (1/1) D:6

Altars:
Ashenzari
Cheibriados
Elyvilon
Gozag
Hepliaklqana
Nemelex Xobeh
Okawaru
Trog
Uskayaw
Xom
Zin
The Shining One

Annotations:
D:2 Crazy Yiuf
D:5 2 transporters, 3 runed translucent doors
D:7 Joseph


Innate Abilities, Weirdness & Mutations

You are small and have problems with some larger weapons.
You are completely attuned to the shadows.


Message History

Aim: Joseph, wielding a +0 quarterstaff, wearing a +0 leather armour and quivering sling bullets (wandering, hasn't noticed you, 64% to hit)
You throw a curare-tipped dart {=f}.
The curare-tipped dart {=f} hits Joseph.
Joseph is poisoned.
Joseph convulses.
Joseph seems to slow down.
Joseph shouts!
Joseph is lightly wounded.
Joseph unwields a +0 quarterstaff.
Joseph wields a +0 hunting sling.
Joseph shoots a sling bullet.
You reflect the sling bullet off an invisible shield around you!
The sling bullet hits Joseph!!
Joseph unwields a +0 hunting sling.
Joseph wields a +0 quarterstaff.
Joseph hits you with a +0 quarterstaff!
Aiming: Throw Flame
Press: ? - help, Shift-Dir - straight line, f/p - Joseph
Aim: Joseph, wielding a +0 quarterstaff, wearing a +0 leather armour and quivering sling bullets (heavily wounded, very poisoned, slow, 68% to hit)
The puff of flame hits Joseph.
Joseph is heavily wounded.
Aiming: Throw Flame
Press: ? - help, Shift-Dir - straight line, f/p - Joseph
Aim: Joseph, wielding a +0 quarterstaff, wearing a +0 leather armour and quivering sling bullets (heavily wounded, very poisoned, slow, 68% to hit)
The puff of flame hits Joseph.
Joseph is severely wounded.
Joseph hits you with a +0 quarterstaff!
* * * LOW HITPOINT WARNING * * *
You can now pass through a line of other dancers.
Aiming: Throw Flame
Press: ? - help, Shift-Dir - straight line, f/p - Joseph
Aim: Joseph, wielding a +0 quarterstaff, wearing a +0 leather armour and quivering sling bullets (severely wounded, very poisoned, slow, 68% to hit)
The puff of flame hits Joseph.
Joseph is severely wounded.
Joseph hits you with a +0 quarterstaff.
* * * LOW HITPOINT WARNING * * *
Aiming: Throw Flame
Press: ? - help, Shift-Dir - straight line, f/p - Joseph
Aim: Joseph, wielding a +0 quarterstaff, wearing a +0 leather armour and quivering sling bullets (almost dead, very poisoned, slow, 68% to hit)
The puff of flame hits Joseph.
Joseph is almost dead.
Joseph unwields a +0 quarterstaff.
Joseph wields a +0 hunting sling.
Joseph shoots a sling bullet.
The sling bullet hits you!!
You die...

....#.........#.# #.#.(#
..#....#...)###.# #.#..#####
.............)..# #.........
#.#)...########## ####..####.
............. ...........# #.
#.####.###### ##.....###..####.
........... .................
#.##.#############.....##........
................@.@.............#
#.##.#################.###......#
#.#.............................+
#.####################..##......#
#..#### ............... ####..+
#############..#+#### ###...##
#....# ##..... ##....##
##....#### #.(... ...._)##
#........# #.....


You could see Joseph (poisoned, slow).

Vanquished Creatures
  A troll (D:6)
  Sigmund (D:5)
  2 orc warriors
  2 black bears
  3 sky beasts
  2 ice beasts
  3 ogres
  2 necrophages (D:4)
  A centaur (D:7)
  Blork the orc (D:5)
  2 bullfrogs
  A scorpion (D:6)
  A bullfrog skeleton (D:6)
  7 orc priests
  A gnoll shaman (D:6)
  2 hounds
  2 jellies
  4 orc wizards
  Natasha (thrice) (D:4)
  An iguana (D:4)
  A killer bee zombie (D:7)
  Robin (D:2)
  15 gnolls
  A howler monkey skeleton (D:7)
  3 adders
  A shadow imp (D:6)
  A white imp (D:7)
  An ufetubus (D:5)
  A worm (D:6)
  2 dart slugs
  18 orcs
  4 endoplasms
  3 giant cockroaches
  16 goblins
  6 hobgoblins
  10 jackals
  8 kobolds
  3 quokkas
  A ball python (D:4)
  4 bats
  3 frilled lizards
  2 rats
147 creatures vanquished.

Vanquished Creatures (others)
  A kobold brigand (D:7)
1 creature vanquished.

Grand Total: 148 creatures vanquished

Notes
Turn   | Place    | Note
-------+----------+-------------------------------------------
     0 | D:1      | wakim the Kobold Brigand began the quest for the Orb.
     0 | D:1      | Reached XP level 1. HP: 12/12 MP: 1/1
   243 | D:1      | Reached XP level 2. HP: 13/17 MP: 2/2
   479 | D:1      | You fall into a shaft and drop 1 floor!
   524 | D:2      | Reached XP level 3. HP: 19/22 MP: 3/3
   739 | D:2      | Found a glowing golden altar of the Shining One.
   745 | D:2      | Reached skill level 6 in Stealth
   923 | D:2      | Reached XP level 4. HP: 18/27 MP: 4/4
  2267 | D:1      | Found a faded altar of an unknown god.
  2925 | D:3      | Noticed a sky beast
  2948 | D:2      | Killed a sky beast
  2949 | D:2      | Reached XP level 5. HP: 10/32 MP: 5/5
  3326 | D:3      | Reached skill level 7 in Stealth
  3326 | D:3      | Reached XP level 6. HP: 25/37 MP: 6/6
  3326 | D:3      | Noticed Robin
  3583 | D:3      | Found an iron altar of Okawaru.
  3816 | D:2      | Reached skill level 5 in Short Blades
  4305 | D:2      | Killed Robin
  4521 | D:3      | Found a runed translucent door.
  4524 | D:3      | Noticed Crazy Yiuf
  5311 | D:4      | Noticed a necrophage
  5316 | D:4      | Noticed Natasha
  5320 | D:4      | Killed Natasha
  5359 | D:4      | Noticed a necrophage
  5381 | D:4      | Killed a necrophage
  5438 | D:4      | Killed a necrophage
  5439 | D:4      | Reached skill level 1 in Shields
  5439 | D:4      | Reached XP level 7. HP: 20/41 MP: 7/7
  5690 | D:4      | Noticed Natasha
  5761 | D:4      | Killed Natasha
  5843 | D:4      | Noticed Natasha
  5847 | D:4      | Killed Natasha
  5916 | D:4      | Found a white marble altar of Elyvilon.
  5955 | D:4      | Reached skill level 8 in Stealth
  6087 | D:4      | Reached XP level 8. HP: 48/48 MP: 8/8
  6175 | D:5      | Entered Level 5 of the Dungeon
  6358 | D:5      | Found a glowing silver altar of Zin.
  7123 | D:5      | Noticed Blork the orc
  7127 | D:5      | Killed Blork the orc
  7128 | D:5      | Reached skill level 9 in Stealth
  7276 | D:5      | Found a transporter.
  7277 | D:5      | Noticed a shadow
  7279 | D:5      | Found a shimmering altar of Xom.
  7387 | D:5      | Found an opulent altar of Gozag.
  7966 | D:5      | Found a transporter.
  7977 | D:5      | Noticed a yak
  7986 | D:5      | Found a hazy altar of Hepliaklqana.
  7986 | D:5      | Noticed a wraith
  7987 | D:5      | Found a broken altar of Ashenzari.
  8069 | D:5      | Found a runed translucent gate.
  8070 | D:5      | Found a runed translucent gate.
  8071 | D:5      | Found a runed translucent gate.
  8135 | D:5      | Noticed Sigmund
  8152 | D:5      | Killed Sigmund
  8153 | D:5      | Reached XP level 9. HP: 50/52 MP: 9/9
  8823 | D:6      | Identified the ring "Suizxoib" {+Blink rF+ rC+ Will+++
                  | Int-3}
  9229 | D:6      | HP: 2/53 [orc priest/divine providence (12)]
  9239 | D:6      | HP: 1/53 [orc priest/divine providence (8)]
  9244 | D:6      | Reached skill level 10 in Stealth
  9608 | D:6      | Reached skill level 5 in Fighting
  9608 | D:6      | Reached skill level 5 in Dodging
  9669 | D:5      | Found a hide-covered altar of Uskayaw.
  9669 | D:5      | Found a sparkling altar of Nemelex Xobeh.
  9704 | D:5      | Became a worshipper of Uskayaw the Reveller
  9931 | D:6      | Reached * piety under Uskayaw
 10067 | D:6      | Reached ** piety under Uskayaw
 10337 | D:6      | Noticed a troll
 10340 | D:6      | Killed a troll
 10342 | D:6      | Found a staircase to the Ecumenical Temple.
 10351 | Temple   | Entered the Ecumenical Temple
 10876 | D:6      | Found a snail-covered altar of Cheibriados.
 11444 | D:7      | Reached XP level 10. HP: 59/59 MP: 10/10
 11452 | D:7      | Found a bloodstained altar of Trog.
 11676 | D:7      | Identified the +1 quarterstaff of Saff {vorpal, rCorr Int+2
                  | Dex+4}
 11759 | D:7      | Reached skill level 11 in Stealth
 11894 | D:7      | Noticed Joseph
 11905 | D:7      | Shot with a sling bullet by Joseph

Illustrated notes

Levels and vault maps discovered:
D:1:      eino_arrival_tree_alley, layout_rooms,
          hellmonk_ecumenical_altar_crossroads, hex_medium, skrybe_limestone_x,
          minivault_24
D:2:      kennysheep_big_flooded_room, layout_basic, basic_altar
D:3:      layout_rooms, overflow_temple_1_default, serial_park_tiny_2,
          uniq_robin, uniq_crazy_yiuf_cottage
D:4:      layout_rooms, elyvilon_altar_3, uniq_natasha
D:5:      layout_cave_pools, lemuel_tele_altar, nicolae_overflow_hidden_temple,
          gammafunk_temple_overflow_arena, nicolae_ossuary_entry_plus,
          gammafunk_ghost_icy, abandoned_shop, uniq_blork_the_orc, uniq_sigmund
D:6:      layout_basic, cheibrodos_worm_habitat,
          minmay_temple_entry_glassed_door
D:7:      layout_basic, trog_butcher_becter, uniq_joseph
Temple:   nicolae_temple_figure_zero

Skill      XL: |  1  2  3  4  5  6  7  8  9 10 |
---------------+-------------------------------+-----
Short Blades   | 3 4 5 6 7 9 |  9.4
Stealth        | 6 7 8 9 10 11 | 11.0
Dodging        | 2 3 4 5 |  5.7
Fighting       | 3 4 5 |  5.5
Shields        | 1 2 3 4 |  4.7
Throwing       | |  2.1

Action                   |  1- 3 |  4- 6 |  7- 9 | 10-12 || total
-------------------------+-------+-------+-------+-------++-------
Melee: Dagger            |    61 |   188 |   536 |    40 ||   825
Throw: Dart              |       |    22 |    14 |     1 ||    37
       Boomerang         |       |       |     2 |       ||     2
Evoke: Wand              |       |       |     8 |     5 ||    13
  Use: Scroll            |       |     3 |     6 |     1 ||    10
       Potion            |       |     1 |     5 |       ||     6
 Stab: Sleeping          |     6 |    11 |    29 |     2 ||    48
       Distracted        |       |     1 |     2 |       ||     3
Armor: Robe              |    11 |    22 |    36 |     3 ||    72
Dodge: Dodged            |    58 |   106 |   176 |    11 ||   351
Block: Other             |       |    17 |       |       ||    17
       Buckler           |       |    19 |   184 |    13 ||   216
       Reflection        |       |     2 |     1 |     3 ||     6

Table legend: (Time is in decaauts)
 A = Elapsed time spent in this place.
 B = Non-inter-level travel time spent in this place.
 C = Inter-level travel time spent in this place.
 D = Time resting spent in this place.
 E = Time spent auto-exploring this place.
 F = Levels seen in this place.
 G = Mean time per level.
                   A        B        C        D        E       F      G
               +--------+--------+--------+--------+--------+-----+--------+
         Total |  11664 |  11244 |    420 |    916 |   7776 |   8 | 1458.0 |
       Dungeon |  11663 |  11243 |    420 |    916 |   7776 |   7 | 1666.1 |
        Temple |      1 |      1 |      0 |      0 |      0 |   1 |    1.0 |
               +--------+--------+--------+--------+--------+-----+--------+

Top non-repeatable levels by time:
     D:2: 3358 daAuts
     D:5: 2054 daAuts
     D:6: 1854 daAuts
     D:4: 1683 daAuts
     D:3: 1047 daAuts
     D:7: 945 daAuts
     D:1: 720 daAuts
  Temple: 1 daAuts
